AoeStats
← 一条固执的鱼

African Clearing

506085803Analyzed
4v4 RM · 20d ago on Sep 12, 2026· 24m 7s· 8 players
Game mode
Random Map
Map size
Large (8 player)
Population
200
Speed
Normal
Resources
Standard
Victory
Conquest
Starting age
Dark Age
Ending age
Imperial Age
RankedLock teamsTeams togetherTeam positionsShared explorationLock speedFull tech treeHidden civsTurbo modeCheats
Victory
Defeat
🇺🇸 Koreans · United States
1176
+16
🇨🇳 Mongols · China
1168
+16
🇨🇳 Vietnamese · China
1163
+16
🇹🇼 Bohemians · Taiwan
1147
+16
🇹🇷 Magyars · Türkiye
1192
-17
🇪🇸 Bohemians · Spain
1176
-17
🇦🇺 Burgundians · Australia
1149
-24
🇩🇪 Tupi · Germany
1147
-15
愛看雲的大呆
4:00 Loom
15:34 Feudal Age
16:30 Double-Bit Axe
17:47 Forging
23:04 Wheelbarrow
一条固执的鱼
6:50 Loom
Azwad
7:08 Loom
13:22 Feudal Age
809591945
4:38 Loom
diegosgdm
Szorinx
Nghtly
altrnate15
Connection lost

Rejoining the realm…

Still unreachable

The connection could not be restored.

Session expired

The server has moved on; the page needs a fresh start.